 Dungeon Crawl Stone Soup version 0.21.1-1-g345015fe64 (webtiles) character file.

267 HessuHobo the Chopper (level 6, -1/48 HPs)
             Began as a Demonspawn Berserker on May 23, 2018.
             Was a Believer of Trog.
             Slain by a scorpion (2 damage)
             ... on level 4 of the Dungeon.
             The game lasted 00:04:11 (4163 turns).

HessuHobo the Chopper (Demonspawn Berserker)        Turns: 4163, Time: 00:04:12

Health: -1/48      AC:  5    Str: 19    XL:     6   Next: 0%
Magic:  6/6        EV: 12    Int:  9    God:    Trog [**....]
Gold:   164        SH:  0    Dex: 12    Spells: 5/5 levels left

rFire    . . .     SeeInvis .   a - +0 hand axe
rCold    . . .     Gourm    .   (no shield)
rNeg     . . .     Faith    .   h - +1 leather armour
rPois    .         Spirit   .   (helmet restricted)
rElec    .         Reflect  .   l - +0 cloak
rCorr    .         Harm     .   (no gloves)
MR       .....                  (no boots)
Stlth    +.........             (no amulet)
HPRegen  0.16/turn              (no ring)
MPRegen  0.10/turn              (no ring)

@: lethally poisoned (-1 -> -2)
A: antennae 1, claws 1, talons 2
a: Berserk, Trog's Hand, Burn Spellbooks, Renounce Religion


You were on level 4 of the Dungeon.
You worshipped Trog.
Trog was pleased with you.
You were near starving.

You visited 1 branch of the dungeon, and saw 4 of its levels.

You collected 164 gold pieces.

Inventory:

Hand Weapons
 a - a +0 hand axe (weapon)
Armour
 b - a +0 animal skin
 h - a +1 leather armour (worn)
 l - a +0 cloak (worn)
Jewellery
 d - an uncursed ring of wizardry
 j - an uncursed ring of stealth {unknown}
Scrolls
 e - a scroll of fog {unknown}
 f - a scroll of immolation
 g - 4 scrolls of remove curse
 m - 3 scrolls of blinking {unknown}
Potions
 i - a potion of heal wounds {unknown}
 k - a potion of brilliance {unknown}
 n - a potion of lignification {unknown}
Comestibles
 c - 5 rations


   Skills:
 + Level 4.0 Fighting
 * Level 5.2 Axes
 * Level 2.6 Armour
 - Level 1.7 Dodging


You had 5 spell levels left.
You didn't know any spells.

Dungeon Overview and Level Annotations

Branches:
Dungeon (4/15)
 Temple: D:4-7

Altars:
Dithmenos
Kikubaaqudgha
Sif Muna
Yredelemnul

Annotations:
D:4 1 runed door


Innate Abilities, Weirdness & Mutations

You have a pair of small antennae on your head.
You have sharp fingernails.
You have razor-sharp toenails.


Message History

You barely miss the scorpion.
The scorpion is almost dead.
* * * LOW HITPOINT WARNING * * *
You feel sick.
The hound barks!
The scorpion stings you but does no damage.
You hit the scorpion but do no damage.
The scorpion is almost dead.
The scorpion stings you but does no damage.
You closely miss the scorpion.
The scorpion is almost dead.
The scorpion barely misses you.
You closely miss the scorpion. Your kick misses the scorpion.
The scorpion is almost dead.
The scorpion misses you.
You barely miss the scorpion. Your kick misses the scorpion.
The scorpion is almost dead.
* * * LOW HITPOINT WARNING * * *
You feel sick. The scorpion stings you.
You die...

.........##.....[....+
#..._...####.#....####
.........##..#.#.##
.............#.###
##.....##..###.#
#..#..###.###.#
#..###..##..##.# ...
#......##.# ##
#..##@..##.#
.....hs.### ###.#####


You could see a scorpion and a hound.

Vanquished Creatures
  A bullfrog (D:3)
  A howler monkey (D:4)
  2 worker ants (D:4)
  2 adders
  An ooze (D:3)
  2 worms
  2 leopard geckos
  15 orcs
  3 giant cockroaches
  11 goblins
  4 hobgoblins
  3 quokkas
  4 bats
  3 frilled lizards
  7 kobolds
  4 rats (D:2)
65 creatures vanquished.

Notes
Turn   | Place    | Note
-------+----------+-------------------------------------------
     0 | D:1      | HessuHobo the Demonspawn Berserker began the quest for the Orb.
     0 | D:1      | Reached XP level 1. HP: 18/18 MP: 1/1
   456 | D:1      | Reached skill level 3 in Axes
   507 | D:1      | Gained mutation: You have sharp fingernails. [demonic ancestry]
   507 | D:1      | Reached XP level 2. HP: 15/24 MP: 2/2
  1463 | D:2      | Gained mutation: You have sharp toenails. [demonic ancestry]
  1463 | D:2      | Reached XP level 3. HP: 20/29 MP: 3/3
  1897 | D:2      | Found a basalt altar of Yredelemnul.
  1953 | D:2      | Found an ancient bone altar of Kikubaaqudgha.
  2313 | D:2      | Reached ** piety under Trog
  2659 | D:3      | Gained mutation: You have razor-sharp toenails. [demonic ancestry]
  2659 | D:3      | Reached XP level 4. HP: 34/35 MP: 4/4
  2892 | D:3      | Found a deep blue altar of Sif Muna.
  2921 | D:3      | Noticed a bullfrog
  2928 | D:3      | Killed a bullfrog
  2928 | D:3      | Reached skill level 4 in Axes
  2928 | D:3      | Gained mutation: You have a pair of small antennae on your head. [demonic ancestry]
  2928 | D:3      | Reached XP level 5. HP: 42/42 MP: 5/5
  3478 | D:4      | Found a runed door.
  3514 | D:4      | Reached skill level 5 in Axes
  3886 | D:4      | Reached XP level 6. HP: 27/48 MP: 6/6
  4132 | D:4      | Found a shadowy altar of Dithmenos.
  4157 | D:4      | HP: 2/48 [scorpion (6)]
  4163 | D:4      | HP: 1/48 [poisoned by a scorpion]
  4163 | D:4      | Slain by a scorpion

Skill      XL: |  1  2  3  4  5 |
---------------+----------------+-----
Axes           | 3 4 5 |  5.2
Armour         | 2 |  2.6
Fighting       | 4 |  4.0
Dodging        | |  1.7

Action                   |  1- 3 |  4- 6 || total
-------------------------+-------+-------++-------
Melee: Hand axe          |   125 |    85 ||   210
       Kick              |    14 |    16 ||    30
Invok: Berserk           |     1 |     2 ||     3
  Use: Scroll            |     7 |       ||     7
       Potion            |     5 |       ||     5
 Stab: Sleeping          |     1 |     1 ||     2
  Eat: Chunk             |     6 |     2 ||     8
       Ration            |       |     1 ||     1
Armor: Animal skin       |    26 |       ||    26
       Leather armour    |     6 |    17 ||    23
Dodge: Dodged            |    77 |    51 ||   128
